 Dungeon Crawl Stone Soup version 0.31-a0-1074-g0b22e4e0f1 (webtiles) character file.

Game seed: 1400649033846173505

1 javelincjr the Conjurer (level 1, 0/11 HPs)
             Began as an Octopode Conjurer on Dec 6, 2023.
             Slain by a dart slug (3 damage)
             ... on level 1 of the Dungeon.
             The game lasted 00:00:14 (13 turns).

javelincjr the Conjurer (Octopode Conjurer)           Turns: 13, Time: 00:00:15

Health: 0/11       AC:  1    Str:  6    XL:     1   Next: 20%
Magic:  0/3        EV: 13    Int: 20    God:
Gold:   0          SH:  0    Dex: 10    Spells: 3/4 levels left

rFire   . . .        (no weapon)
rCold   . . .        (no shield)
rNeg    . . .        (helmet restricted)
rPois   .            (no amulet)
rElec   .            (no ring)
rCorr   .            (no ring)
SInv    .            (no ring)
Will    .....        (no ring)
Stlth   +++          (no ring)
HPRegen 0.21/turn    (no ring)
MPRegen 0.08/turn    (no ring)
                     (no ring)

%: no passive effects
@: no status effects
A: almost no armour, amphibious, 8 rings, camouflage 1, gelatinous body 1,
(nimble swimmer 1), tentacles
a: no special abilities


You were on level 1 of the Dungeon.
You visited 1 branch of the dungeon, and saw 1 of its levels.

Inventory:

Potions
 a - a potion of magic


   Skills:
 + Level 2.0 Dodging
 + Level 2.7 Stealth
 + Level 2.0 Spellcasting
 + Level 4.0 Conjurations


You had 3 spell levels left.
You knew the following spells:

 Your Spells              Type           Power      Damage    Failure   Level
a - Magic Dart            Conj           72%        1d6       3%          1

Your spell library contained the following spells:

 Spells                   Type           Power      Damage    Failure   Level
 Searing Ray              Conj           36%        2d5       4%          2
 Dazzling Flash           Conj/Hex       20%        N/A       21%         3
 Fulminant Prism          Conj/Hex       5%         3d7       56%         4
 Iskenderun's Mystic Bla  Conj/Tloc      10%        2d4       56%         4


Dungeon Overview and Level Annotations

Branches:
Dungeon (1/15)

Altars:


Innate Abilities, Weirdness & Mutations

You cannot wear most types of armour.
You are amphibious.
You can wear up to eight rings at the same time.
Your skin changes colour to match your surroundings (Stealth+).
Your rubbery body absorbs attacks. (AC +1, EV +1)
((You are camouflaged when in or above water. (Stealth+)))
You have tentacles for arms and can constrict up to eight enemies at once.


Message History

Welcome, javelincjr the Octopode Conjurer.
It is said that the Orb of Zot exists deep within this dungeon.
Press ? for a list of commands and other information.
Found a staircase leading out of the dungeon.
Found a short sword.
A hobgoblin comes into view.
A hobgoblin is nearby!
The magic dart hits the hobgoblin.
The hobgoblin is heavily wounded.
The hobgoblin shouts!
A dart slug comes into view.
The magic dart hits the hobgoblin.
You kill the hobgoblin!
The magic dart hits the dart slug.
The dart slug is moderately wounded.
You are out of magic!
You are out of magic!
The dart slug briefly extends its eye-stalks.
The dart slug launches a dart at you. The slug dart hits you.
The dart slug bites you.
* * * LOW HITPOINT WARNING * * *
You are too injured to fight recklessly!
You are too injured to fight recklessly!
You are too injured to fight recklessly!
You tentacle-slap the dart slug but do no damage.
You grab the dart slug.
The dart slug is lightly wounded.
You constrict the dart slug, but do no damage.
The dart slug bites you.
You die...

#.# ##.## ##...##
### #.....## ..#
##....$.#
#.###.#.....#
#.#.###....## ##.##
##....#
##.#.###.#@†.#
#.#.#.#.##.w.#
#.#.<.#.# #......
#.#.#.#.#.##..#####
#.###.#.###.#...
.)# ##.## #..... ..
.# #####


You could see a dart slug.

Vanquished Creatures
  A hobgoblin (D:1)
1 creature vanquished.

Notes
Turn   | Place    | Note
-------+----------+-------------------------------------------
     0 | D:1      | javelincjr the Octopode Conjurer began the quest for the
                  | Orb.
     0 | D:1      | Reached XP level 1. HP: 11/11 MP: 3/3
    13 | D:1      | Slain by a dart slug

Illustrated notes

Levels and vault maps discovered:
D:1:      minmay_arrival_diagonal_passages, layout_loops_ring

Action                     || total
---------------------------++-------
  Melee: Unarmed           ||     1
         Constrict         ||     1
   Cast: Magic Dart        ||     3
 Armour: Skin              ||     3

Table legend: (Time is in decaauts)
 A = Elapsed time spent in this place.
 B = Non-inter-level travel time spent in this place.
 C = Inter-level travel time spent in this place.
 D = Time resting spent in this place.
 E = Time spent auto-exploring this place.
 F = Levels seen in this place.
 G = Mean time per level.
                   A        B        C        D        E       F      G
               +--------+--------+--------+--------+--------+-----+--------+
         Total |     13 |     13 |      0 |      0 |      4 |   1 |   13.0 |
       Dungeon |     13 |     13 |      0 |      0 |      4 |   1 |   13.0 |
               +--------+--------+--------+--------+--------+-----+--------+

Top non-repeatable levels by time:
     D:1: 13 daAuts
